 Dungeon Crawl Stone Soup version 0.31.0-11-ge490571c62 (webtiles) character file.

Game seed: 1675634211751497635

0 Esekla the Grave Robber (level 1, 0/9 HPs)
             Began as a Spriggan Necromancer on Jan 28, 2024.
             Slain by a jackal (1 damage)
             ... on level 1 of the Dungeon.
             The game lasted 00:01:50 (149 turns).

Esekla the Grave Robber (Spriggan Necromancer)       Turns: 149, Time: 00:01:50

Health: 0/9        AC:  2    Str:  4    XL:     1   Next: 8%
Magic:  5/5        EV: 17    Int: 16    God:
Gold:   4          SH:  0    Dex: 15    Spells: 4/5 levels left

rFire   . . .        (weapon restricted)
rCold   . . .        (no shield)
rNeg    . . .        a - +0 robe
rPois   .            (helmet restricted)
rElec   .            (no cloak)
rCorr   .            (gloves unavailable)
SInv    +            (boots unavailable)
Will    .....        (no amulet)
Stlth   ++           (no ring)
HPRegen 0.21/turn    (no ring)
MPRegen 0.09/turn

%: no passive effects
@: very quick
A: very small, no large weapons, unfitting armour, see invisible, speed 3
a: no special abilities


You were on level 1 of the Dungeon.
You visited 1 branch of the dungeon, and saw 1 of its levels.

You collected 4 gold pieces.

Inventory:

Missiles
 c - 2 poisoned darts
Armour
 a - a +0 robe (worn)
Potions
 b - a potion of magic


   Skills:
 * Level 2.6 Dodging
 + Level 3.0 Stealth
 * Level 2.6 Spellcasting
 + Level 3.6 Necromancy


You had 4 spell levels left.
You knew the following spells:

 Your Spells              Type           Power      Damage    Failure   Level
a - Necrotise             Necr           52%        1d6       4%          1

Your spell library contained the following spells:

 Spells                   Type           Power      Damage    Failure   Level
 Vampiric Draining        Necr           13%        2d6       13%         3
 Animate Dead             Necr           13%        N/A       41%         4
 Curse of Agony           Necr           13%        N/A       77%         5


Dungeon Overview and Level Annotations

Branches:
Dungeon (1/15)

Altars:


Innate Abilities, Weirdness & Mutations

You are very small and have problems with some larger weapons.
You are too small for most types of armour.
You have supernaturally acute eyesight. (SInv)
You cover ground extremely quickly. (Speed+++)


Message History

Okay, then.
The bat misses you.
You miss the bat. The bat misses you.
You hit the bat but do no damage. The bat hits you but does no damage.
The bat barely misses you. The endoplasm misses you.
You closely miss the bat. The bat closely misses you. x2
The endoplasm misses you.
You hit the bat.
The bat is moderately wounded.
The bat closely misses you. The endoplasm barely misses you.
You hit the bat.
The bat is severely wounded.
The bat misses you. The bat barely misses you. The endoplasm hits you.
You closely miss the bat.
The bat is severely wounded.
The bat closely misses you. The bat barely misses you.
The endoplasm misses you.
You closely miss the bat.
The bat is severely wounded.
The bat hits you but does no damage. The endoplasm misses you.
You hit the bat but do no damage.
The bat is severely wounded.
The bat misses you. The endoplasm freezes you.
You are frozen.
You hit the bat.
You kill the bat!
The endoplasm freezes you.
You are frozen.
The jackal completely misses you.
You barely miss the jackal. The jackal closely misses you.
The endoplasm closely misses you.
You hit the jackal.
The jackal is moderately wounded.
The jackal bites you.
* * * LOW HITPOINT WARNING * * *
The endoplasm completely misses you.
You barely miss the jackal.
The jackal is moderately wounded.
The jackal bites you.
You die...

#########
#.hhg...#
#@#####.#
#J#.....#
#S##.#..#
#S...#..# #
####S#.S#.##
#####.#..#..#.
#....S#g......
#.###.S..##.#
###...#S...:..#


You could see an endoplasm, 2 jackals, a hobgoblin and 2 ball pythons.

Vanquished Creatures
  A bat (D:1)
1 creature vanquished.

Notes
Turn   | Place    | Note
-------+----------+-------------------------------------------
     0 | D:1      | Esekla the Spriggan Necromancer began the quest for the
                  | Orb.
     0 | D:1      | Reached XP level 1. HP: 9/9 MP: 5/5
     2 | D:1      | Noticed a naga
     2 | D:1      | Noticed a felid
     4 | D:1      | Noticed a gargoyle
     6 | D:1      | Noticed an armataur
     6 | D:1      | Noticed a formicid
     8 | D:1      | Noticed an elf
     8 | D:1      | Noticed a human
    10 | D:1      | Noticed a merfolk
    10 | D:1      | Noticed a demigod
    12 | D:1      | Noticed a barachi
    12 | D:1      | Noticed a tengu
    14 | D:1      | Noticed an octopode
    14 | D:1      | Noticed an oni
    16 | D:1      | Noticed a vampire
    16 | D:1      | Noticed a vine stalker
    18 | D:1      | Noticed a djinni
    20 | D:1      | Noticed a demonspawn
    20 | D:1      | Noticed a minotaur
    22 | D:1      | Noticed a ghoul
    24 | D:1      | Noticed a troll
    24 | D:1      | Noticed a spriggan
    26 | D:1      | Noticed a draconian
   149 | D:1      | Slain by a jackal

Illustrated notes

Levels and vault maps discovered:
D:1:      kb_arrival_jail, layout_basic, solitary_fountain, nrook_mini_vaults,
          kennysheep_minor_cross

Action                     || total
---------------------------++-------
  Melee: Unarmed           ||    12
 Armour: Robe              ||     6
  Dodge: Dodged            ||    23
